 Dungeon Crawl Stone Soup version 0.16-a0-1009-g0339a9e (webtiles) character file.

14 MackTheKnife the Caller (level 2, -1/19 HPs)
             Began as a Merfolk Summoner on Oct 3, 2014.
             Slain by a hobgoblin (3 damage)
             ... on Level 1 of the Dungeon.
             The game lasted 00:02:12 (703 turns).

MackTheKnife the Caller (Merfolk Summoner)           Turns: 703, Time: 00:02:12

HP  -1/19        AC  2     Str  8      XL: 2   Next: 41%
MP   0/4         EV 13     Int 14      God:
Gold 28          SH  0     Dex 14      Spells:  2 memorised,  2 levels left

rFire  . . .     SeeInvis .     d - -2 dagger (curse)
rCold  . . .     Clarity  .     a - +0 robe
rNeg   . . .     rCorr    .     (no shield)
rPois  .         rRot     .     (no helmet)
rElec  .         Spirit   .     (no cloak)
SustAb .         Warding  .     (no gloves)
rMut   .         Stasis   .     (no boots)
Gourm  .                        (no amulet)
MR     .....                    (no ring)
                                (no ring)

@: not resistant to hostile enchantments, unstealthy
A: change form in water, swift swim
a: no special abilities


You were on level 1 of the Dungeon.
You were not hungry.

You visited 1 branch of the dungeon, and saw 1 of its levels.

You collected 28 gold pieces.


   Skills:
 - Level 2.6 Dodging
 - Level 2.1 Stealth
 - Level 2.0 Spellcasting
 + Level 4.6 Summonings


You had 2 spell levels left.
You knew the following spells:

 Your Spells              Type           Power        Failure   Level  Hunger
x - Call Imp              Summ           ##......     6%          2    ###....
z - Summon Small Mammal   Summ           ##..         3%          1    ##.....

Inventory:

Hand weapons
 d - a cursed -2 dagger (weapon)
 k - a +0 whip
Missiles
 h - 20 stones (quivered)
Armour
 a - a +0 robe (worn)
Comestibles
 c - a bread ration
 f - a fruit
 j - a meat ration
Scrolls
 e - 4 scrolls of teleportation
 i - a scroll of identify
Potions
 g - a potion of haste
Books
 b - a book of Callings

   Spells                             Type                      Level
   *Summon Small Mammal               Summoning                    1
   *Call Imp                          Summoning                    2
   Call Canine Familiar               Summoning                    3
   Summon Guardian Golem              Hexes/Summoning              4
   Summon Lightning Spire             Summoning/Air                4
   Summon Ice Beast                   Ice/Summoning                4

·▒▒▒▒··▒ ▒5▒·▒▒·5··▒ ▒···▒
·▒▒▒▒▒·▒▒▒▒▒▒▒·▒·▒▒▒▒▒·▒ ▒···▒
·········5···▒·▒·▒ ▒·▒ ▒···+
·▒▒▒···)···(·▒·▒·▒ ▒·▒ ▒)··▒ ·
▒·········▒·▒·▒ ▒·▒▒▒▒▒▒▒··· ·
▒·······#·▒·▒·▒ ▒··········· ▒
▒·········▒·▒b▒ ▒·(·········
▒···········▒g▒ ▒▒··········
▒▒▒▒········▒▒▒▒m▒ ▒··········
····%·······▒ ▒5▒ ▒··········
············▒ ▒·▒ ▒5·········
············▒ ▒·▒▒▒▒▒▒(·········
············▒ ▒·····▒▒··········
············▒▒▒▒·····▒▒·>········
▒▒▒▒▒▒▒▒▒·▒▒▒▒)······▒▒··········
▒····▒ ▒······r%···········
▒····▒ ▒···················


You could see a hobgoblin, a bat and a friendly crimson imp.


Message History

You see here 17 sling bullets.
Unknown command.
The hobgoblin misses you.
A beastly little devil appears in a puff of flame.
The hobgoblin barely misses you.
Unknown command.
Your magical contamination has completely faded away.
The hobgoblin barely misses you. The hobgoblin barely misses you.
Unknown command.
You see here a bat corpse.
You see here 28 stones.
A shadowy apparition takes form in the air.
The hobgoblin hits you.
* * * LOW HITPOINT WARNING * * *
Unknown command.
A bat comes into view.
The bat hits your shadow imp. The bat hits you but does no damage.
The hobgoblin closely misses you.
You closely miss the bat. The bat barely misses you. The hobgoblin misses you.
The hobgoblin completely misses you.
Unknown command.
Your shadow imp hits the hobgoblin.
The hobgoblin misses you.
Unknown command.
Something hits your rat.
Your rat dies!
A beastly little devil appears in a puff of flame.
The hobgoblin hits you.
You die...

Action                   || total
-------------------------++-------
Melee: Dagger            ||    28
       Unarmed           ||     1
Throw: Stone             ||     1
 Cast: Summon Small Mamm ||     7
       Call Imp          ||     5
  Use: Scroll            ||     2
 Stab: Sleeping          ||     1

Vault maps used:
D:1:      eino_arrival_tree_alley

Notes
Turn   | Place    | Note
--------------------------------------------------------------
     0 | D:1      | MackTheKnife, the Merfolk Summoner, began the quest for the Orb.
     0 | D:1      | Reached XP level 1. HP: 13/13 MP: 3/3
   205 | D:1      | Reached XP level 2. HP: 4/19 MP: 1/4
   461 | D:1      | Learned a level 2 spell: Call Imp
   683 | D:1      | HP: 1/19 [hobgoblin (4)]
   703 | D:1      | Slain by a hobgoblin

Vanquished Creatures
  A bat (D:1)
  6 rats (D:1)
7 creatures vanquished.

Vanquished Creatures (collateral kills)
  A gnoll (D:1)
  A giant gecko (D:1)
  A bat (D:1)
  A goblin (D:1)
  A kobold (D:1)
  A rat (D:1)
6 creatures vanquished.

Vanquished Creatures (others)
  A rat (D:1)
1 creature vanquished.

Grand Total: 14 creatures vanquished
